 Dungeon Crawl Stone Soup version 0.26.1-11-gd32895ea62 (webtiles) character file.

Game seed: 16183793749979296616

244 kodamatunes15 the Ruffian (level 5, 0/52 (53) HPs)
             Began as a Troll Abyssal Knight on June 10, 2021.
             Was a Priest of Lugonu.
             Slain by a worker ant (6 damage)
             ... on level 4 of the Dungeon.
             The game lasted 00:11:48 (2458 turns).

kodamatunes15 the Ruffian (Troll Abyssal Knight)    Turns: 2458, Time: 00:11:49

HP:   0/52 (53)     AC:  6    Str: 20    XL:     5   Next: 83%
MP:   5/5           EV: 10    Int:  9    God:    Lugonu [***...]
Gold: 131           SH:  0    Dex:  9    Spells: 4/4 levels left

rFire    . . .     SeeInvis .   o - +0 dagger (drain)
rCold    . . .     Faith    .   (no shield)
rNeg     . . .     Spirit   .   a - +0 robe
rPois    .         Reflect  .   (helmet restricted)
rElec    .         Harm     .   (no cloak)
rCorr    .         Rampage  .   (gloves unavailable)
Will     .....                  (boots unavailable)
Stlth    +.........             (no amulet)
HPRegen  0.57/turn              (no ring)
MPRegen  0.09/turn              (no ring)

@: lethally poisoned (0 -> -5), slowed, lightly drained, very slow
A: large, unfitting armour, claws 3, regeneration 1, shaggy fur 1, tough skin 3
a: Renounce Religion, Depart the Abyss, Bend Space, Banish


You were on level 4 of the Dungeon.
You worshipped Lugonu.
Lugonu was most pleased with you.
You visited 1 branch of the dungeon, and saw 4 of its levels.
You visited the Abyss 1 time.

You collected 131 gold pieces.

Inventory:

Hand Weapons
 m - a +0 dagger
 o - a +0 dagger of draining (weapon)
 r - a +0 long sword
Missiles
 v - 4 boomerangs of dispersal
Armour
 a - a +0 robe (worn)
Jewellery
 g - an uncursed ring of willpower {unknown}
Scrolls
 c - 5 scrolls of remove curse
 e - 4 scrolls of magic mapping {unknown}
 f - 6 scrolls of identify {unknown}
 j - a scroll of blinking {unknown}
 n - a scroll of fear {unknown}
 p - 2 scrolls of enchant armour {unknown}
 u - a scroll of teleportation {unknown}
Potions
 b - 2 potions of lignification {unknown}
 d - a potion of cancellation {unknown}
 h - a potion of might {unknown}
 i - 2 potions of haste {unknown}
 k - a potion of ambrosia {unknown}
 l - a potion of degeneration {unknown}
 q - a potion of magic {unknown}
 s - a potion of flight {unknown}
 t - 2 potions of experience {unknown}


   Skills:
 + Level 3.3 Fighting
 + Level 1.2 Short Blades
 + Level 3.1 Dodging
 + Level 0.7 Stealth
 + Level 3.8 Unarmed Combat
 + Level 1.6 Invocations


You had 4 spell levels left.
You didn't know any spells.
Your spell library was empty.

Dungeon Overview and Level Annotations

Branches:
Dungeon (4/15)
 Temple: D:4-7

Altars:
Ashenzari
Cheibriados
Gozag
Hepliaklqana
Kikubaaqudgha
Makhleb
Qazlal
Ru
Uskayaw
Xom


Innate Abilities, Weirdness & Mutations

You are too large for most types of armour.
You have claws for hands.
Your natural rate of healing is unusually fast.
You are covered in fur. (AC +1)
You have extremely tough skin. (AC +3)


Message History

There are monsters nearby!
There are monsters nearby!
There are monsters nearby!
You hit the orc. You drain the orc.
You kill the orc!
Lugonu accepts your kill.
You feel sick. The orc hits you but does no damage. The worker ant bites you.
* * * LOW HITPOINT WARNING * * *
You are more poisoned.
The worker ant poisons you!
The worker ant bites you but does no damage.
The orc completely misses you.
You hit the worker ant but do no damage.
You feel sick. The worker ant bites you.
* * * LOW HITPOINT WARNING * * *
You are more poisoned.
The worker ant poisons you! The orc hits you with a +0 club.
* * * LOW HITPOINT WARNING * * *
The worker ant bites you.
You die...

###### #....# #....#
#....# #....# . #....#
....##B).^#########
......)@.......†..#####
....##o.....#####.....##
. ####.#.########....
#.......# ##....
###.###.###..#'# #.#
#......#_# #.#
#####..### #.# #>....
#.# ###...


You could see a worker ant and an orc.

Vanquished Creatures
  A scorpion (D:3)
  2 orc wizards (D:4)
  5 adders
  An ooze (D:3)
  A worm (D:2)
  A dart slug (D:2)
  4 leopard geckos
  4 orcs
  13 bats
  6 giant cockroaches
  9 goblins
  6 hobgoblins
  2 quokkas
  A ball python (D:2)
  15 frilled lizards
  9 kobolds
  7 rats
87 creatures vanquished.

Vanquished Creatures (others)
  7 plants (D:3)
7 creatures vanquished.

Grand Total: 94 creatures vanquished

Notes
Turn   | Place    | Note
-------+----------+-------------------------------------------
     0 | Abyss:1  | kodamatunes15 the Troll Abyssal Knight began the quest for
                  | the Orb.
     0 | Abyss:1  | Reached XP level 1. HP: 22/22 MP: 1/1
    14 | D:1      | Escaped the Abyss
   124 | D:1      | Reached XP level 2. HP: 23/29 MP: 2/2
   262 | D:1      | Reached ** piety under Lugonu
   545 | D:1      | Found a broken altar of Ashenzari.
   696 | D:2      | Reached XP level 3. HP: 36/36 MP: 3/3
   703 | D:2      | Found a sacrificial altar of Ru.
   762 | D:2      | Found a snail-covered altar of Cheibriados.
   791 | D:2      | Found a hide-covered altar of Uskayaw.
   791 | D:2      | Found an ancient bone altar of Kikubaaqudgha.
   799 | D:2      | Found a stormy altar of Qazlal.
   801 | D:2      | Found a burning altar of Makhleb.
   803 | D:2      | Found a faded altar of an unknown god.
  1043 | D:2      | Found an opulent altar of Gozag.
  1282 | D:2      | Reached XP level 4. HP: 35/45 MP: 4/4
  1307 | D:2      | Found a shimmering altar of Xom.
  1590 | D:3      | Reached XP level 5. HP: 8/53 MP: 5/5
  1622 | D:3      | Reached *** piety under Lugonu
  2191 | D:4      | Reached skill level 1 in Short Blades
  2265 | D:4      | Found a stormy altar of Qazlal.
  2426 | D:4      | Found a hazy altar of Hepliaklqana.
  2458 | D:4      | Slain by a worker ant

Illustrated notes

Levels and vault maps discovered:
D:1:      eino_arrival_cavern_a, layout_loops_ring, nicolae_ashenzari_panopticon
D:2:      layout_loops_cross, nicolae_ru_awakened_eye, lemuel_doored_altar,
          marbit_many_paths, kennysheep_slug_shrine,
          chequers_temple_overflow_minitemple
D:3:      layout_rooms, grunt_decor_arrowhead, minmay_lizard_king
D:4:      layout_rooms, kennysheep_mini_moat, grunt_qazlal_clouds,
          uniq_blork_the_orc

Skill      XL: |  1  2  3  4  5 |
---------------+----------------+-----
Dodging        | 2 3 |  3.1
Fighting       | 3 |  3.3
Unarmed Combat | 3 |  3.8
Short Blades   | 1 |  1.2
Stealth        | |  0.7
Invocations    | |  1.6

Action                   |  1- 3 |  4- 6 || total
-------------------------+-------+-------++-------
Melee: Unarmed           |   142 |       ||   142
       Dagger            |     4 |   207 ||   211
       Punch             |       |     2 ||     2
  Use: Scroll            |     1 |       ||     1
Armor: Robe              |    74 |   103 ||   177
Dodge: Dodged            |    81 |   132 ||   213
